 Dungeon Crawl Stone Soup version 0.21.1-1-g345015f (webtiles) character file.

432 sking99 the Sneak (level 7, -2/45 HPs)
             Began as an Octopode Transmuter on June 21, 2018.
             Slain by a gnoll
             ... wielding a +0 flail
              (12 damage)
             ... on level 4 of the Dungeon.
             The game lasted 00:24:22 (5435 turns).

sking99 the Sneak (Octopode Transmuter)             Turns: 5435, Time: 00:24:23

Health: -2/45      AC:  2    Str:  9    XL:     7   Next: 0%
Magic:  8/12       EV: 21    Int: 15    God:
Gold:   204        SH:  0    Dex: 20    Spells: 7/13 levels left

rFire    . . .     SeeInvis .     - Unarmed
rCold    + . .     Gourm    .   (shield currently unavailable)
rNeg     . . .     Faith    .   (helmet currently unavailable)
rPois    x         Spirit   .   (no amulet)
rElec    .         Reflect  .   e - ring of wizardry
rCorr    .         Harm     .   (no ring)
MR       .....                  k - ring of protection from cold
Stlth    ++........             (no ring)
HPRegen  0.15/turn              (no ring)
MPRegen  0.13/turn              (no ring)
                                (no ring)
                                (no ring)

@: spider-form (expiring), glowing
A: tiny, almost no armour, stealthy swim, (amphibious), 8 rings, (constrict 8)
a: End Transformation


You were on level 4 of the Dungeon.
You were not hungry.
You were a venomous arachnid creature.
You visited 1 branch of the dungeon, and saw 4 of its levels.

You collected 204 gold pieces.

Inventory:

Missiles
 a - 20 arrows
Jewellery
 e - a ring of wizardry (left front leg)
 k - a ring of protection from cold (on tentacle)
Scrolls
 c - a scroll of teleportation
 g - 3 scrolls of identify
 i - a scroll of remove curse
Potions
 d - 2 potions of ambrosia
 f - a potion of resistance {unknown}
 h - 4 potions of curing
 l - 2 potions of lignification
Books
 b - a book of Changes

   Spells                             Type                      Level
   a - Beastly Appendage              Transmutation                1
   b - Sticks to Snakes               Transmutation                2
   c - Spider Form                    Transmutation/Poison         3
   d - Ice Form                       Ice/Transmutation            4
   e - Blade Hands                    Transmutation                5
Comestibles
 o - a ration


   Skills:
 + Level 2.4 Fighting
 + Level 3.2 Dodging
 + Level 4.4 Stealth
 + Level 4.1 Unarmed Combat
 + Level 3.5 Spellcasting
 - Level 3.0 Transmutations
 - Level 1.0 Poison Magic


You had 7 spell levels left.
You knew the following spells:

 Your Spells              Type           Power        Failure   Level  Hunger
a - Spider Form           Tmut/Pois      #.........   21%         3    ###....
b - Sticks to Snakes      Tmut           ##......     9%          2    ##.....
c - Beastly Appendage     Tmut           ##....       6%          1    None


Dungeon Overview and Level Annotations

Branches:
Dungeon (4/15)
 Temple: D:4-7

Altars:

Annotations:
D:4 tidbits's ghost, novice GnSk


Innate Abilities, Weirdness & Mutations

You cannot wear most types of armour.
You are very stealthy in the water. (Stealth+)
((You are amphibious.))
You can wear up to eight rings at the same time.
((You can use your tentacles to constrict eight enemies at once.))
((Your skin changes colour to match your surroundings (Stealth+).))
((Your rubbery body absorbs attacks. (AC +1, EV +1)))


Message History

The gnoll is moderately wounded.
The gnoll hits you with a spear! The gnoll misses you.
You hit the gnoll.
You kill the gnoll!
You have reached level 7!
The gnoll closely misses you.
You hit the gnoll.
The gnoll is poisoned.
The gnoll is moderately wounded.
The gnoll completely misses you. x2
You hit the gnoll but do no damage.
The gnoll looks even sicker.
The gnoll is moderately wounded.
You hit the gnoll but do no damage.
The gnoll is moderately wounded.
The gnoll barely misses you. x2
You hit the gnoll.
The gnoll looks as sick as possible!
The gnoll is heavily wounded.
The gnoll hits you from afar with a halberd!
* * * LOW HITPOINT WARNING * * *
The gnoll hits you with a flail!
You die...

##..# #..## ##..## ###
##..## ###########..
#....# ###............
##...## ###.............#
##<..####................
###....................#
#..ggs................
##.)#................#.
#..##................#.
#g###.............###..
#.)# ############### #..
#.## ##.. .. #[.# #.#
#..# .. ##.##


You could see 2 gnolls.

Vanquished Creatures
  A scorpion (D:4)
  A bullfrog skeleton (D:4)
  A gnoll shaman (D:4)
  A hound (D:4)
  An orc priest (D:3)
  3 orc wizards (D:4)
  Jessica (D:2)
  6 gnolls
  2 oozes
  2 worms (D:3)
  3 dart slugs
  7 orcs
  9 bats
  3 giant cockroaches
  3 goblins
  10 hobgoblins
  10 jackals
  A ball python (D:3)
  2 frilled lizards (D:2)
  6 kobolds
  A quokka skeleton (D:4)
  12 rats
86 creatures vanquished.

Notes
Turn   | Place    | Note
-------+----------+-------------------------------------------
     0 | D:1      | sking99 the Octopode Transmuter began the quest for the Orb.
     0 | D:1      | Reached XP level 1. HP: 13/13 MP: 3/3
    86 | D:1      | Reached XP level 2. HP: 10/18 MP: 5/5
    90 | D:1      | Reached skill level 1 in Stealth
   235 | D:1      | Learned a level 2 spell: Sticks to Snakes
   688 | D:1      | Reached XP level 3. HP: 23/23 MP: 6/6
  1251 | D:1      | Learned a level 3 spell: Spider Form
  1870 | D:2      | Reached skill level 1 in Poison Magic
  1870 | D:2      | Reached XP level 4. HP: 28/28 MP: 7/7
  1889 | D:2      | Noticed Jessica
  1970 | D:2      | Killed Jessica
  2206 | D:2      | Reached XP level 5. HP: 7/33 MP: 5/9
  4066 | D:4      | Reached XP level 6. HP: 14/39 MP: 8/10
  4466 | D:4      | HP: 1/39 [poisoned by an orc]
  4687 | D:4      | Noticed tidbits's ghost (novice GnSk)
  5431 | D:4      | Reached XP level 7. HP: 22/45 MP: 7/12
  5435 | D:4      | Slain by a gnoll

Skill      XL: |  1  2  3  4  5  6 |
---------------+-------------------+-----
Stealth        | 1 2 3 4 |  4.4
Poison Magic   | 1 |  1.0
Transmutations | 3 |  3.0
Spellcasting   | 3 |  3.5
Fighting       | 2 |  2.4
Dodging        | 3 |  3.2
Unarmed Combat | 4 |  4.1

Action                   |  1- 3 |  4- 6 |  7- 9 || total
-------------------------+-------+-------+-------++-------
Melee: Unarmed           |    94 |   138 |     4 ||   236
       Constrict         |    25 |    14 |       ||    39
       Tentacles         |    13 |    10 |       ||    23
 Cast: Sticks to Snakes  |     1 |     1 |       ||     2
       Spider Form       |       |    15 |       ||    15
  Use: Scroll            |       |    10 |       ||    10
       Potion            |       |     1 |       ||     1
 Stab: Sleeping          |     8 |     5 |       ||    13
       Distracted        |       |     1 |       ||     1
  Eat: Chunk             |     3 |     3 |       ||     6
       Ration            |       |     3 |       ||     3
Armor: Skin              |     8 |    12 |       ||    20
Dodge: Dodged            |    52 |   111 |     5 ||   168
